 Dungeon Crawl Stone Soup version 0.30.0-13-g156ef70053 (webtiles) character file.

Game seed: 13443816424789358571

562 SnakkuSnakku7 the Chiller (level 7, 20/46 HPs)
             Began as a Demonspawn Ice Elementalist on May 17, 2023.
             Quit the game on level 5 of the Dungeon.
             The game lasted 00:03:43 (3345 turns).

SnakkuSnakku7 the Chiller (DsIE)                    Turns: 3345, Time: 00:03:43

Health: 20/46      AC:  4    Str:  8    XL:     7   Next: 10%
Magic:  10/10      EV: 12    Int: 19    God:
Gold:   234        SH:  0    Dex: 13    Spells: 6/10 levels left

rFire   . . .        n - +0 quarterstaff
rCold   + . .        (shield currently unavailable)
rNeg    . . .        a - +0 robe
rPois   .            (no helmet)
rElec   .            (no cloak)
rCorr   .            (no gloves)
SInv    +            (no boots)
Will    .....        (no amulet)
Stlth   ++           g - ring of see invisible
HPRegen 0.27/turn    o - ring of protection from cold
MPRegen 0.12/turn

%: no passive effects
@: no status effects
A: molten scales 1, demonic guardian 1, powered by pain 1, demonic touch 2
a: no special abilities


You were on level 5 of the Dungeon.
You visited 1 branch of the dungeon, and saw 5 of its levels.

You collected 234 gold pieces.

Inventory:

Hand Weapons
 n - a +0 quarterstaff (weapon)
Armour
 a - a +0 robe (worn)
Jewellery
 g - a ring of see invisible (left hand)
 o - a ring of protection from cold (right hand)
 q - a +6 ring of strength
 r - a ring of wizardry
Wands
 u - a wand of polymorph (6)
Scrolls
 d - 6 scrolls of identify {unknown}
 e - a scroll of summoning {unknown}
 i - a scroll of brand weapon {unknown}
 j - 4 scrolls of teleportation {unknown}
 k - 3 scrolls of fog {unknown}
 m - a scroll of acquirement {unknown}
 p - a scroll of enchant weapon {unknown}
 s - a scroll of fear {unknown}
Potions
 b - a potion of magic
 c - 3 potions of haste {unknown}
 f - a potion of mutation {unknown}
 h - a potion of brilliance {unknown}
 l - 3 potions of heal wounds {unknown}
 t - a potion of might {unknown}


   Skills:
 - Level 1.7 Dodging
 - Level 1.7 Stealth
 - Level 2.0 Spellcasting
 + Level 7.9 Ice Magic


You had 6 spell levels left.
You knew the following spells:

 Your Spells              Type           Power      Damage    Failure   Level
a - Freeze                Ice            100%       1d10      1%          1
z - Frozen Ramparts       Ice            64%        1d10      1%          3

Your spell library contained the following spells:

 Spells                   Type           Power      Damage    Failure   Level
 Ozocubu's Armour         Ice            32%        N/A       1%          3
 Summon Small Mammal      Summ           4%         N/A       17%         1
 Summon Ice Beast         Ice/Summ       16%        N/A       32%         4
 Call Canine Familiar     Summ           1%         N/A       45%         3
 Summon Guardian Golem    Hex/Summ       1%         N/A       45%         3


Dungeon Overview and Level Annotations

Branches:
Dungeon (5/15)
 Temple: D:4-7

Altars:
Ashenzari
Nemelex Xobeh
Qazlal
Ru
Sif Muna
Uskayaw


Innate Abilities, Weirdness & Mutations

You are partially covered in molten scales. (AC +2)
A weak demonic guardian rushes to your aid.
You sometimes gain a little power by taking damage.
Your touch may inflict irresistible damage on your foes.


Message History

You condense into your normal self.
Your +0 quarterstaff unmelds from your body.
Your +0 robe unmelds from your body.
Your ring of see invisible unmelds from your body.
Your ring of protection from cold unmelds from your body.
Grinder barely misses you.
You closely miss Grinder.
Grinder is severely wounded.
Grinder zaps a wand.
You turn into a tree.
Your +0 robe melds into your body.
Your roots penetrate the ground.
You barely miss Grinder.
Grinder is severely wounded.
Grinder gestures at you. You resist with significant effort.
You thump Grinder!
Grinder is almost dead.
Grinder blinks!
Grinder says, "FISH!"
You cannot move.
You cannot move.
You hit Grinder.
You kill Grinder!
You have reached level 7!
You start resting.
Your transformation is almost over.
You feel less wooden.
Your +0 robe unmelds from your body.
u - a wand of polymorph (6)
Found a hat.
Magic restored.
A quokka comes into view.
Found 18 gold pieces.
Found a scale mail and 10 gold pieces.
The quokka bites you.
You hit the quokka.
The quokka is almost dead.
The quokka misses you.
You hit the quokka.
You kill the quokka!
Found a club.
Are you sure you want to abandon this character and quit the game? (Confirm with "yes".)

.....#.##.####...
#...#.##'#..#...
#...........#..#
#...#.......#..#
#......._......#
#.####...##.....##..#
.........##......#...
##.#.###.#..####'.###
# .......@..[.# #.#.#
#[.....#.......).....
#......#..............
#......#.$.......#####
#.$....#..########
#......#..#
#...)..#..#
##+#+###.$#


There were no monsters in sight!

Vanquished Creatures
  Grinder (D:5)
  A black bear (D:4)
  Natasha (D:4)
  2 orc wizards (D:4)
  5 adders
  A white imp (D:5)
  A dart slug (D:2)
  4 orcs
  9 ball pythons
  5 endoplasms
  3 giant cockroaches
  8 goblins
  A hobgoblin (D:4)
  3 kobolds (D:4)
  4 quokkas
  2 bats
  2 frilled lizards
  2 goblin zombies (D:5)
  A hobgoblin zombie (D:5)
  A kobold skeleton (D:5)
  7 rats
64 creatures vanquished.

Vanquished Creatures (collateral kills)
  An ogre (D:4)
1 creature vanquished.

Grand Total: 65 creatures vanquished

Notes
Turn   | Place    | Note
-------+----------+-------------------------------------------
     0 | D:1      | SnakkuSnakku7 the Demonspawn Ice Elementalist began the
                  | quest for the Orb.
     0 | D:1      | Reached XP level 1. HP: 13/13 MP: 3/3
   133 | D:1      | Reached skill level 4 in Ice Magic
   135 | D:1      | Gained mutation: Your touch may inflict minor irresistible
                  | damage on your foes. [demonic ancestry]
   135 | D:1      | Reached XP level 2. HP: 17/19 MP: 1/5
   873 | D:2      | Gained mutation: You are partially covered in molten
                  | scales. (AC +2) [demonic ancestry]
   873 | D:2      | Reached XP level 3. HP: 24/24 MP: 3/6
   915 | D:2      | You fall into a shaft and drop 1 floor!
  1052 | D:2      | Found a faded altar of an unknown god.
  1417 | D:3      | Reached skill level 5 in Ice Magic
  1490 | D:3      | Gained mutation: A weak demonic guardian rushes to your
                  | aid. [demonic ancestry]
  1490 | D:3      | Reached XP level 4. HP: 20/30 MP: 4/7
  1736 | D:3      | Found a shimmering blue altar of Sif Muna.
  1782 | D:3      | Found a hide-covered altar of Uskayaw.
  1782 | D:3      | Noticed a +0 dagger
  1782 | D:3      | Noticed a +0 hand axe
  2228 | D:4      | Noticed a black bear
  2239 | D:4      | Killed a black bear
  2240 | D:4      | Reached skill level 6 in Ice Magic
  2240 | D:4      | Gained mutation: Your touch may inflict irresistible damage
                  | on your foes. [demonic ancestry]
  2240 | D:4      | Reached XP level 5. HP: 21/35 MP: 0/8
  2346 | D:4      | Noticed an ogre
  2352 | D:4      | Learned a level 3 spell: Frozen Ramparts
  2358 | D:4      | Killed an ogre
  2377 | D:4      | Found a stormy altar of Qazlal.
  2419 | D:4      | Found a sparkling altar of Nemelex Xobeh.
  2649 | D:4      | Gained mutation: You sometimes gain a little power by
                  | taking damage. [demonic ancestry]
  2649 | D:4      | Reached XP level 6. HP: 41/41 MP: 5/9
  2738 | D:4      | Found a broken altar of Ashenzari.
  2811 | D:4      | Reached skill level 7 in Ice Magic
  2863 | D:4      | Found a sacrificial altar of Ru.
  3030 | D:4      | Noticed Natasha
  3034 | D:4      | Killed Natasha
  3189 | D:5      | Entered Level 5 of the Dungeon
  3271 | D:5      | Noticed Grinder
  3313 | D:5      | Killed Grinder
  3314 | D:5      | Reached XP level 7. HP: 21/46 MP: 7/10
  3345 | D:5      | Quit the game

Illustrated notes

Levels and vault maps discovered:
D:1:      dpeg_arrival_rooms_a, layout_basic
D:2:      layout_basic, shapermc_ecumenical_altar_acropolis,
          amcnicky_mini_corridor_feature, small_statue_intersection
D:3:      layout_loops_ring, kennysheep_orc_sif_temple, dancing_weapons_uskayaw,
          serial_forest, infiniplex_forest_lined_2, infiniplex_forest_clump_C,
          infiniplex_forest_lined_1, infiniplex_forest_side_room,
          infiniplex_forest_straight_2, infiniplex_forest_clump_small
D:4:      layout_basic, ashenzari_conservatory_becter, nicolae_ru_path_of_blood,
          nicolae_qazlal_scattered_showers, nemelex_diamond_rough_becter,
          uniq_natasha
D:5:      layout_basic, nicolae_tso_besieged_by_evil,
          mainiacjoe_overflow_alcove_4, minmay_temple_entry_glassed_door,
          uniq_grinder

Skill      XL: |  1  2  3  4  5  6 |
---------------+-------------------+-----
Ice Magic      | 4 5 6 7 |  7.9
Dodging        | |  1.7
Stealth        | |  1.7
Spellcasting   | |  2.0

Action                     |  1- 3 |  4- 6 |  7- 9 || total
---------------------------+-------+-------+-------++-------
  Melee: Unarmed           |    11 |    20 |       ||    31
         Quarterstaff      |    24 |    41 |     2 ||    67
         Touch             |     1 |       |       ||     1
   Cast: Freeze            |    41 |    27 |       ||    68
         Frozen Ramparts   |       |     3 |       ||     3
 Armour: Robe              |    14 |    25 |       ||    39
         Skin              |       |     3 |       ||     3
  Dodge: Dodged            |    36 |    44 |     1 ||    81
